 Dungeon Crawl Stone Soup version 0.20.1-1-g8b1a95d (webtiles) character file.

8166 equalderp2856 the Cleaver (level 11, -3/81 HPs)
             Began as a Mummy Fighter on Oct 28, 2017.
             Killed from afar by a steam dragon (28 damage)
             ... with a ball of steam
             ... on level 10 of the Dungeon.
             The game lasted 00:22:53 (12884 turns).

equalderp2856 the Cleaver (Mummy Fighter)          Turns: 12884, Time: 00:22:54

Health: -3/81      AC: 14    Str: 21    XL:     11   Next: 6%
Magic:  21/21      EV:  9    Int: 10    God:
Gold:   426        SH: 10    Dex: 11    Spells: 19/24 levels left

rFire    x . .     SeeInvis +   a - +0 war axe
rCold    + . .     Gourm    .   c - +0 shield
rNeg     + + +     Faith    .   b - +0 scale mail
rPois    ∞         Spirit   .   k - +0 helmet
rElec    .         Reflect  .   o - +2 cloak
rCorr    .         Harm     .   w - +1 pair of gloves
MR       +....                  (no boots)
Stlth    ..........             (no amulet)
Regen    0.3/turn               g - ring of see invisible
MPRegen  0.2/turn               A - ring of wizardry

@: no status effects
A: no food or potions, fire vulnerability, cold resistance 1, negative energy
resistance 3, torment resistance, unbreathing
a: no special abilities


You were on level 10 of the Dungeon.
You were not hungry.

You visited 1 branch of the dungeon, and saw 10 of its levels.

You collected 600 gold pieces.
You spent 174 gold pieces at shops.

Inventory:

Hand Weapons
 a - a +0 war axe (weapon)
 l - a +0 broad axe
 t - a +0 spear of pain
 x - a +0 trident
Armour
 b - a +0 scale mail (worn)
 c - a +0 shield (worn)
 h - a +2 cloak
 k - a +0 helmet (worn)
 o - a +2 cloak (worn)
 v - a +0 pair of gloves
 w - a +1 pair of gloves (worn)
Jewellery
 g - a ring of see invisible (left hand)
 i - an uncursed ring of flight
 n - a +3 ring of evasion
 q - a +2 ring of dexterity
 A - a ring of wizardry (right hand)
Wands
 p - a wand of paralysis (0/24)
 r - a wand of flame (22/48)
 B - a wand of disintegration (8/24)
Scrolls
 d - 2 scrolls of identify
 e - 2 scrolls of noise
 f - 2 scrolls of blinking
 j - 4 scrolls of enchant armour
 m - 3 scrolls of remove curse
 s - 3 scrolls of teleportation
 u - a scroll of acquirement {unknown}
 z - a scroll of holy word {unknown}
 C - a scroll of amnesia
 D - a scroll of fear {unknown}
Books
 y - the Catalogue of Dark Enhancements
   (You found it on level 7 of the Dungeon)

   Spells                             Type                      Level
   a - Sublimation of Blood           Necromancy                   2
   b - Agony                          Necromancy                   5
   c - Simulacrum                     Ice/Necromancy               6
   d - Ring of Flames                 Charms/Fire                  7


   Skills:
 + Level 6.1 Fighting
 * Level 10.1 Axes
 + Level 5.2 Armour
 + Level 3.2 Dodging
 + Level 1.8 Stealth
 + Level 5.4 Shields
 * Level 7.1 Spellcasting
 + Level 1.0 Evocations


You had 19 spell levels left.
You knew the following spells:

 Your Spells              Type           Power        Failure   Level  Hunger
a - Agony                 Necr           #.......     100%        5    N/A

Dungeon Overview and Level Annotations

Branches:
Dungeon (10/15)            Temple (0/1) D:6
   Lair: D:8-11         Orc: D:9-12

Altars:
Ashenzari
Cheibriados
Elyvilon
Fedhas
Hepliaklqana
Qazlal
Ru
Trog
Uskayaw
Xom
Yredelemnul
Zin
The Shining One

Shops:
D:4 }([   D:7 *!

Annotations:
D:5 0x5F3759DF's ghost, novice DENe
D:10 Urug


Innate Abilities, Weirdness & Mutations

You do not eat or drink.
Your flesh is vulnerable to fire.
You are immune to poison.
Your flesh is cold resistant. (rC+)
You are immune to negative energy. (rN+++)
You are immune to unholy pain and torment.
You can survive without breathing.


Message History

The centaur hits you but does no damage. x2
You slash the centaur!
The centaur is severely wounded.
You block the centaur's attack.
Urug the Orcish Ballista comes into view.
She is wielding an enchanted long sword.
Urug shouts!
You slash the centaur!
You kill the centaur!
Urug throws a poisoned javelin.
The poisoned javelin hits you.
Urug throws a poisoned javelin.
The poisoned javelin barely misses you.
Things that are here:
a poisoned javelin; an uncursed shortbow; 20 arrows Urug throws a poisoned javelin.
The poisoned javelin hits you.
* * * LOW HITPOINT WARNING * * *
You see here 2 poisoned javelins.
A steam dragon comes into view.
The steam dragon hisses angrily.
The steam dragon breathes steam at you. The ball of steam hits you!
The steam scalds you terribly!
You die...

.................Y.YY...
o..... ...#...####.#...
#....# ##..# #.#...
#.... #..# #†#### #...#
##.Y# #.# ##..(#
#...####.#
##...(#######.#......#
#...(.##........######
#.#(#...@#####...
#.....##§# #.O..
#.#.#....§. #.....
.............#.....
.###.........D.....## #
##.......#....#
##.###.###.#. #.# .## #.


There were no monsters in sight!

Vanquished Creatures
  2 two-headed ogres
  Pikel (D:6)
  A hippogriff (D:7)
  Sigmund (D:4)
  2 yaks (D:10)
  A wyvern (D:9)
  Duvessa (D:7)
  An orc warrior (D:3)
  6 sky beasts
  2 eyes of draining (D:5)
  A black bear (D:6)
  2 ice beasts
  3 phantoms
  A necrophage (D:8)
  5 centaurs
  5 ogres
  7 bullfrogs
  2 gnoll sergeants
  Dowan (D:7)
  7 scorpions
  13 wights
  2 bullfrog zombies
  5 howler monkeys
  A centaur zombie (D:9)
  5 jellies
  5 crimson imps
  2 orc priests
  2 hounds
  5 orc wizards
  5 bullfrog skeletons
  A centaur skeleton (D:5)
  Ijyb (D:4)
  4 iguanas
  8 worker ants
  2 hound skeletons
  A howler monkey zombie (D:6)
  Robin (D:1)
  11 adders
  12 gnolls
  A shadow imp (D:5)
  2 adder skeletons
  7 worms
  3 dart slugs
  3 leopard geckos
  21 orcs
  9 giant cockroaches
  17 goblins
  12 hobgoblins
  7 jackals
  6 kobolds
  2 quokkas
  A ball python (D:7)
  7 bats
  2 frilled lizards
  A jackal skeleton (D:6)
  2 quokka zombies
  3 rats
244 creatures vanquished.

Vanquished Creatures (others)
  2 slaves (D:7)
  A worker ant (D:7)
  A giant cockroach (D:7)
4 creatures vanquished.

Grand Total: 248 creatures vanquished

Notes
Turn   | Place    | Note
-------+----------+-------------------------------------------
     0 | D:1      | equalderp2856 the Mummy Fighter began the quest for the Orb.
     0 | D:1      | Reached XP level 1. HP: 18/18 MP: 1/1
   186 | D:1      | Reached XP level 2. HP: 24/24 MP: 2/2
   783 | D:2      | Reached XP level 3. HP: 25/29 MP: 3/3
   816 | D:2      | Reached skill level 2 in Axes
  1079 | D:2      | Noticed Robin
  1117 | D:1      | Killed Robin
  1270 | D:2      | Reached skill level 1 in Dodging
  1290 | D:2      | Reached XP level 4. HP: 32/35 MP: 4/4
  1720 | D:3      | Reached XP level 5. HP: 32/41 MP: 5/5
  2011 | D:4      | Noticed Ijyb
  2025 | D:4      | Paralysed by Ijyb for 7 turns
  2036 | D:4      | Killed Ijyb
  2036 | D:4      | Reached skill level 3 in Axes
  2079 | D:4      | Found Ogisot's Gadget Boutique.
  2148 | D:4      | Found Nudul's Armour Shoppe.
  2173 | D:4      | Found a white marble altar of Elyvilon.
  2339 | D:4      | Noticed Sigmund
  2358 | D:5      | Entered Level 5 of the Dungeon
  2358 | D:5      | Noticed a sky beast
  2423 | D:5      | Reached XP level 6. HP: 25/48 MP: 6/6
  2955 | D:5      | Found a snail-covered altar of Cheibriados.
  2955 | D:5      | Found a hazy altar of Hepliaklqana.
  3032 | D:5      | Reached skill level 4 in Axes
  3032 | D:5      | Reached XP level 7. HP: 54/54 MP: 7/7
  3691 | D:5      | Found a bloodstained altar of Trog.
  3706 | D:5      | Reached skill level 1 in Spellcasting
  3718 | D:5      | Reached skill level 5 in Axes
  3904 | D:5      | Reached XP level 8. HP: 52/60 MP: 11/11
  4422 | D:5      | Noticed 0x5F3759DF's ghost (novice DENe)
  5060 | D:6      | Found a staircase to the Ecumenical Temple.
  5601 | D:6      | Reached skill level 6 in Axes
  5622 | D:6      | Found a glowing drain.
  5726 | D:6      | Found a sacrificial altar of Ru.
  6279 | D:4      | Killed Sigmund
  6479 | D:4      | Found Lagg's Weapon Emporium.
  6728 | D:5      | Reached XP level 9. HP: 42/67 MP: 15/15
  6928 | D:5      | Reached skill level 5 in Fighting
  7330 | D:6      | Reached skill level 7 in Axes
  7543 | D:6      | Reached skill level 5 in Spellcasting
  7977 | D:7      | Found Guriamatal's Distillery.
  9130 | D:6      | Reached skill level 8 in Axes
  9247 | D:7      | Identified the Catalogue of Dark Enhancements
  9471 | D:6      | Reached XP level 10. HP: 62/74 MP: 18/18
  9650 | D:7      | Noticed Pikel
  9695 | D:6      | Killed Pikel
  9695 | D:6      | Reached skill level 5 in Shields
  9776 | D:7      | Noticed Duvessa
  9776 | D:7      | Noticed Dowan
  9786 | D:7      | Killed Duvessa
  9806 | D:7      | Killed Dowan
  9994 | D:7      | Found Samimase's Assorted Antiques.
  9999 | D:7      | Bought a scroll labeled HIRIWOT IMESUS for 29 gold pieces
  9999 | D:7      | Bought a glowing brass ring for 145 gold pieces
 10272 | D:7      | Found a shimmering altar of Xom.
 10273 | D:7      | Found a shattered altar of Ashenzari.
 10298 | D:7      | Reached skill level 9 in Axes
 10626 | D:8      | Reached skill level 5 in Armour
 11216 | D:9      | Noticed a two-headed ogre
 11399 | D:9      | Noticed a two-headed ogre
 11601 | D:8      | Killed a two-headed ogre
 11601 | D:8      | Reached skill level 1 in Stealth
 11678 | D:9      | Killed a two-headed ogre
 11731 | D:9      | Reached skill level 1 in Evocations
 11761 | D:9      | Found a hide-covered altar of Uskayaw.
 11764 | D:9      | Found a sacrificial altar of Ru.
 11783 | D:9      | Found a glowing silver altar of Zin.
 11786 | D:9      | Found a blossoming altar of Fedhas.
 12103 | D:9      | Learned a level 5 spell: Agony
 12324 | D:9      | Found a stormy altar of Qazlal.
 12413 | D:9      | Found a glowing golden altar of the Shining One.
 12715 | D:9      | Found a basalt altar of Yredelemnul.
 12717 | D:9      | Noticed a profane servitor
 12725 | D:9      | Noticed an angel
 12791 | D:10     | Entered Level 10 of the Dungeon
 12806 | D:10     | Reached XP level 11. HP: 71/81 MP: 21/21
 12822 | D:10     | Reached skill level 10 in Axes
 12859 | D:10     | Noticed a two-headed ogre
 12859 | D:10     | Noticed an unseen horror
 12878 | D:10     | Noticed Urug
 12884 | D:10     | Killed from afar by a steam dragon

Skill      XL: |  1  2  3  4  5  6  7  8  9 10 11 |
---------------+----------------------------------+-----
Axes           | 2 3 4 5 6 8 9 10 | 10.1
Dodging        | 1 2 3 |  3.2
Shields        | 3 4 5 |  5.4
Fighting       | 4 5 6 |  6.1
Armour         | 3 4 5 |  5.2
Spellcasting   | 2 4 5 7 |  7.1
Stealth        | 1 |  1.8
Evocations     | 1 |  1.0

Action                   |  1- 3 |  4- 6 |  7- 9 | 10-12 || total
-------------------------+-------+-------+-------+-------++-------
Melee: War axe           |   115 |   242 |   581 |   360 ||  1298
Evoke: Wand              |       |       |       |    16 ||    16
  Use: Scroll            |       |     1 |       |     8 ||     9
 Stab: Invisible         |       |       |     1 |       ||     1
       Paralysed         |       |       |       |    13 ||    13
Armor: Scale mail        |    68 |   119 |   286 |   153 ||   626
Dodge: Dodged            |    26 |    67 |   238 |   162 ||   493
Block: Shield            |    68 |   122 |   329 |   189 ||   708
